 Dungeon Crawl Stone Soup version 0.26-a0-652-gafc20e3620 (webtiles) character file.

Game seed: 14003412785516939176

97 GarryLv the Grave Robber (level 4, -3/27 HPs)
             Began as a Vampire Necromancer on Oct 2, 2020.
             Was an Initiate of Gozag.
             Killed by nerve-wracking pain
             ... invoked by an orc priest
              (8 damage)
             ... on level 3 of the Dungeon.
             The game lasted 00:12:31 (1703 turns).

GarryLv the Grave Robber (Vampire Necromancer)      Turns: 1703, Time: 00:12:31

Health: -3/27      AC:  9    Str:  7    XL:     4   Next: 42%
Magic:  3/8        EV: 12    Int: 18    God:    Gozag
Gold:   194        SH:  0    Dex: 14    Spells: 8/9 levels left

rFire    . . .     SeeInvis +   c - +2 dagger (drain)
rCold    . . .     Faith    .   (no shield)
rNeg     . . .     Spirit   .   a - +1 robe
rPois    .         Reflect  .   j - +2 hat
rElec    .         Harm     .   (no cloak)
rCorr    .         Rampage  .   (no gloves)
MR       .....                  (no boots)
Stlth    ++........             (no amulet)
HPRegen  0.29/turn              n - +4 ring of protection
MPRegen  0.11/turn              (no ring)

@: gold aura, regenerating quickly
A: fangs 3, see invisible, [frail 1], unbreathing
a: Exsanguinate, Potion Petition, Call Merchant, Bribe Branch, Renounce Religion


You were on level 3 of the Dungeon.
You worshipped Gozag.
Gozag was aware of your devotion.
You visited 1 branch of the dungeon, and saw 3 of its levels.

You collected 223 gold pieces.
You paid 29 gold pieces to Gozag.

Inventory:

Hand Weapons
 c - a +2 dagger of draining (weapon)
Armour
 a - a +1 robe (worn)
 j - a +2 hat (worn)
 r - a +2 buckler
 s - a cursed +0 leather armour
Jewellery
 n - a +4 ring of protection (left hand)
Scrolls
 b - 3 scrolls of remove curse {unknown}
 h - 2 scrolls of fear {unknown}
 o - a scroll of blinking {unknown}
 p - a scroll of magic mapping {unknown}
 q - 2 scrolls of enchant weapon {unknown}
Potions
 d - a potion of stabbing
 e - 2 potions of might {unknown}
 f - a potion of curing
 g - a potion of heal wounds {unknown}
 i - a potion of ambrosia {unknown}
 k - a potion of haste {unknown}
 l - a potion of mutation {unknown}
 m - a potion of degeneration {unknown}


   Skills:
 + Level 1.1 Short Blades
 + Level 2.2 Dodging
 + Level 3.3 Stealth
 * Level 3.0 Spellcasting
 * Level 5.4 Necromancy


You had 8 spell levels left.
You knew the following spells:

 Your Spells              Type           Power        Failure   Level
a - Pain                  Necr           ###.         1%          1

Your spell library contained the following spells:

 Spells                   Type           Power        Failure   Level
 Animate Skeleton         Necr           ###...       1%          1
 Vampiric Draining        Necr           ###.......   4%          3
 Animate Dead             Necr           ###.......   17%         4
 Agony                    Necr           ###.....     43%         5


Dungeon Overview and Level Annotations

Branches:
Dungeon (3/15)

Altars:
Gozag
Zin

Annotations:
D:3 Grinder


Innate Abilities, Weirdness & Mutations

Your natural rate of healing is unusually fast.
You have razor-sharp teeth.
You have supernaturally acute eyesight. (SInv)
You can survive without breathing.
[You are frail. (-10% HP)]


Message History

You kill the orc!
The orc completely misses you.
The orc priest calls upon Beogh to heal the orc.
The orc's wounds heal themselves!
You begin bloodletting.
You continue bloodletting.
The orc hits you with a +0 hand axe of electrocution.
Keep bloodletting?
Uppercase [Y]es or [N]o only, please.
Keep bloodletting?
The orc priest mumbles some strange prayers to Beogh against you.
Pain shoots through your body!
Ouch! That really hurt!
* * * LOW HITPOINT WARNING * * *
You continue bloodletting.
The orc hits you with a +0 short sword.
* * * LOW HITPOINT WARNING * * *
The orc priest invokes the aid of Beogh against you.
Pain shoots through your body!
You die...
Your body crumbles into a pile of gold.

. .. #........... ..
#?## #...........
...##..#
######......
......#########.....
............'.....
#..#####.##.....
####........##.....
#.oo.#..##..##.....
#.@ol..[.#..##.....
#.o#.$5..#..##.....
#..#.##..#..##.....
#...#.##..#..#######
#..##.##.o#..# +..
..###o...# ### ###
#....# $ ..5..
##...#


You could see Grinder, an orc priest, 3 orcs and a leopard gecko.

Vanquished Creatures
  Natasha (D:2)
  3 adders (D:2)
  A worm (D:2)
  2 orcs (D:3)
  A ball python (D:3)
  5 bats
  4 giant cockroaches
  6 goblins
  6 hobgoblins (D:1)
  2 quokkas
  2 frilled lizards
  2 kobolds
  5 rats
40 creatures vanquished.

Notes
Turn   | Place    | Note
-------+----------+-------------------------------------------
     0 | D:1      | GarryLv the Vampire Necromancer began the quest for the
                  | Orb.
     0 | D:1      | Reached XP level 1. HP: 13/13 MP: 3/3
   116 | D:1      | Reached XP level 2. HP: 10/15 MP: 1/5
   500 | D:1      | Reached skill level 5 in Necromancy
   853 | D:2      | Found an opulent altar of Gozag.
   853 | D:2      | Found a glowing silver altar of Zin.
   882 | D:2      | Became a worshipper of Gozag Ym Sagoz the Greedy
  1202 | D:2      | Reached skill level 1 in Short Blades
  1202 | D:2      | Reached XP level 3. HP: 19/21 MP: 2/6
  1260 | D:2      | Noticed Natasha
  1278 | D:2      | Killed Natasha
  1278 | D:2      | Reached XP level 4. HP: 24/27 MP: 1/8
  1686 | D:3      | Noticed Grinder
  1703 | D:3      | Killed from afar by an orc priest

Illustrated notes

Levels and vault maps discovered:
D:1:      lemuel_arrival_broad_hall, layout_loops_corners, minivault_25,
          st_stairs_8
D:2:      layout_loops_corners, grunt_temple_overflow_gold_and_silver,
          uniq_natasha
D:3:      layout_basic, uniq_grinder

Skill      XL: |  1  2  3  4 |
---------------+-------------+-----
Necromancy     | 5 |  5.4
Short Blades   | 1 |  1.1
Spellcasting   | 3 |  3.0
Dodging        | |  2.2
Stealth        | |  3.3

Action                   |  1- 3 |  4- 6 || total
-------------------------+-------+-------++-------
Melee: Unarmed           |    15 |       ||    15
       Dagger            |     6 |     6 ||    12
 Cast: Pain              |    39 |    22 ||    61
 Abil: Exsanguinate      |     1 |     1 ||     2
       Revivify          |     1 |       ||     1
  Use: Scroll            |     3 |       ||     3
       Potion            |     1 |       ||     1
Armor: Robe              |    14 |    12 ||    26
Dodge: Dodged            |    29 |    13 ||    42

Table legend: (Time is in decaauts)
 A = Elapsed time spent in this place.
 B = Non-inter-level travel time spent in this place.
 C = Inter-level travel time spent in this place.
 D = Time resting spent in this place.
 E = Time spent auto-exploring this place.
 F = Levels seen in this place.
 G = Mean time per level.
                   A        B        C        D        E       F      G
               +--------+--------+--------+--------+--------+-----+--------+
         Total |   1700 |   1571 |    129 |     47 |      0 |   3 |  566.7 |
       Dungeon |   1700 |   1571 |    129 |     47 |      0 |   3 |  566.7 |
               +--------+--------+--------+--------+--------+-----+--------+

Top non-repeatable levels by time:
     D:1: 840 daAuts
     D:2: 725 daAuts
     D:3: 135 daAuts
